[ PARTIDA AOE2 · #477192904 ]
Team RMGurjaras vs Persians
[ ANÁLISIS DE REPETICIÓN · EXTRAÍDO DE LA PARTIDA GRABADA ]
Feudal
15:25
Castillos
—
Imperial
—
| APM promedio | 16.0 |
| APM pico | 80 |
| eAPM promedio | 5.3 |
| Aldeanos / militares | 34 / 4 |
Foco
⚔️ 9.2% · 🌾 90.8%
Scout Cavalry ×3 · Fishing Ship ×1 · Camel Scout ×1
Feudal
15:32
Castillos
27:04
Imperial
—
| APM promedio | 27.3 |
| APM pico | 91 |
| eAPM promedio | 10.8 |
| Aldeanos / militares | 28 / 29 |
Foco
⚔️ 16.7% · 🌾 83.3%
Archer ×17 · Militia ×4 · Spearman ×4 · War Elephant ×3 · Skirmisher ×1
Feudal
16:33
Castillos
—
Imperial
—
| APM promedio | 9.4 |
| APM pico | 20 |
| eAPM promedio | 5.9 |
| Aldeanos / militares | 23 / 84 |
Foco
⚔️ 30.4% · 🌾 69.6%
Spearman ×80 · Fishing Ship ×4 · Militia ×3 · Scout Cavalry ×1
Feudal
—
Castillos
—
Imperial
—
| APM promedio | 7.7 |
| APM pico | 14 |
| eAPM promedio | 5.6 |
| Aldeanos / militares | 21 / 36 |
Foco
⚔️ 32.9% · 🌾 67.1%
Skirmisher ×12 · Spearman ×11 · Militia ×8 · Archer ×5
Mapa de la partida
Recursos iniciales + cada clic de construcción. Líneas = muros · curvas = relieve. ◆ oro · ⬟ piedra · ● bayas · ✦ reliquia · ◌ hueco del cierre
Tu base· Abierta — hueco de 4t
Base de 暴雨天见面· Abierta — hueco de 10t
Base de Deadmistxd· Abierta — hueco de 10t
Base de PUMPSNIP3R· Abierta — flanco sin cerrar
Terreno inicial suavizado · ◌ = hueco del cierre detectado · pasá el cursor para detalles
Inputs por minuto
— DANTEASKILL(⌐ ͡ ̯ʖ ͡︻ - - 暴雨天见面
Build order — DANTEASKILL(⌐ ͡ ̯ʖ ͡︻
60 acciones detectadas en el replay
| 0:03 | Construir | Town Center |
| 2:04 | Construir | House |
| 2:14 | Construir | Mill |
| 2:41 | Crear | Villager (Male) |
| 2:42 | Crear | Villager (Male) |
| 2:42 | Crear | Villager (Male) |
| 2:42 | Crear | Villager (Male) |
| 2:42 | Crear | Villager (Male) |
| 4:14 | Crear | Villager (Male) |
| 4:15 | Crear | Villager (Male) |
| 4:56 | Crear | Villager (Male) |
| 5:01 | Crear | Villager (Male) |
| 5:55 | Crear | Villager (Male) |
| 5:56 | Crear | Villager (Male) |
| 5:56 | Crear | Villager (Male) |
| 6:04 | Construir | House |
| 6:06 | Construir | House |
| 6:09 | Construir | House |
| 7:02 | Crear | Villager (Male) |
| 7:36 | Crear | Villager (Male) |
| 8:52 | Construir | Barracks |
| 9:00 | Crear | Villager (Male) |
| 9:01 | Crear | Villager (Male) |
| 9:01 | Crear | Villager (Male) |
| 11:40 | Crear | Villager (Male) |
| 11:50 | Construir | Dock |
| 12:07 | Construir | Lumber Camp |
| 13:06 | Construir | Mill |
| 13:15 | Investigar | Feudal Age |
| 13:26 | Crear | Fishing Ship |
| 15:25 | Edad | Edad Feudal |
| 15:39 | Construir | Stable |
| 16:44 | Crear | Camel Scout |
| 17:02 | Construir | Mining Camp |
| 17:25 | Crear | Scout Cavalry |
| 17:42 | Construir | Watch Tower |
| 19:25 | Investigar | Wheelbarrow |
| 19:32 | Crear | Scout Cavalry |
| 20:03 | Crear | Scout Cavalry |
| 20:57 | Construir | Mining Camp |
| 23:51 | Crear | Villager (Male) |
| 23:51 | Crear | Villager (Male) |
| 23:52 | Crear | Villager (Male) |
| 23:52 | Crear | Villager (Male) |
| 23:52 | Crear | Villager (Male) |
| 25:14 | Crear | Villager (Male) |
| 25:46 | Crear | Villager (Male) |
| 25:47 | Crear | Villager (Male) |
| 25:47 | Crear | Villager (Male) |
| 25:48 | Crear | Villager (Male) |
| 26:29 | Investigar | Loom |
| 27:27 | Construir | Mining Camp |
| 28:06 | Crear | Villager (Male) |
| 29:56 | Construir | Dock |
| 30:02 | Crear | Villager (Male) |
| 30:05 | Crear | Villager (Male) |
| 30:05 | Crear | Villager (Male) |
| 30:05 | Crear | Villager (Male) |
| 30:06 | Crear | Villager (Male) |
| 34:48 | Construir | Watch Tower |
Build order — 暴雨天见面
89 acciones detectadas en el replay
| 1:57 | Construir | Town Center |
| 2:33 | Construir | Mill |
| 3:52 | Construir | House |
| 3:54 | Crear | Villager (Male) |
| 3:54 | Crear | Villager (Male) |
| 4:19 | Construir | House |
| 4:50 | Construir | House |
| 4:52 | Crear | Villager (Male) |
| 4:53 | Crear | Villager (Male) |
| 5:23 | Construir | House |
| 5:47 | Crear | Villager (Male) |
| 5:47 | Crear | Villager (Male) |
| 6:38 | Crear | Villager (Male) |
| 6:39 | Crear | Villager (Male) |
| 6:39 | Crear | Villager (Male) |
| 7:45 | Crear | Villager (Male) |
| 7:46 | Crear | Villager (Male) |
| 7:46 | Crear | Villager (Male) |
| 8:46 | Crear | Villager (Male) |
| 8:47 | Crear | Villager (Male) |
| 8:47 | Crear | Villager (Male) |
| 8:48 | Crear | Villager (Male) |
| 9:32 | Crear | Villager (Male) |
| 9:32 | Crear | Villager (Male) |
| 9:34 | Crear | Villager (Male) |
| 10:20 | Construir | Lumber Camp |
| 10:36 | Construir | Farm |
| 12:49 | Construir | Mill |
| 13:28 | Investigar | Feudal Age |
| 13:51 | Construir | Mining Camp |
| 14:03 | Construir | House |
| 14:04 | Construir | House |
| 14:06 | Construir | House |
| 14:07 | Construir | House |
| 14:26 | Construir | Barracks |
| 15:30 | Construir | Mining Camp |
| 15:32 | Edad | Edad Feudal |
| 15:33 | Crear | Militia |
| 15:33 | Crear | Militia |
| 15:34 | Crear | Militia |
| 15:35 | Crear | Militia |
| 16:11 | Construir | Farm |
| 16:42 | Construir | Archery Range |
| 17:01 | Crear | Spearman |
| 17:01 | Crear | Spearman |
| 17:01 | Crear | Spearman |
| 17:02 | Crear | Spearman |
| 17:32 | Crear | Archer |
| 17:33 | Crear | Archer |
| 17:33 | Crear | Archer |
| 17:34 | Crear | Archer |
| 17:38 | Crear | Skirmisher |
| 17:52 | Investigar | Man-at-Arms (upgrade) |
| 18:06 | Construir | Blacksmith |
| 20:11 | Construir | Mill |
| 21:37 | Construir | Farm |
| 21:41 | Construir | Farm |
| 24:38 | Investigar | Castle Age |
| 24:43 | Crear | Archer |
| 24:43 | Crear | Archer |
| 24:43 | Crear | Archer |
| 24:44 | Crear | Archer |
| 24:45 | Crear | Archer |
| 26:35 | Construir | Mining Camp |
| 27:04 | Edad | Edad de los Castillos |
| 27:08 | Construir | Castle |
| 27:57 | Crear | Archer |
| 27:57 | Crear | Archer |
| 27:57 | Crear | Archer |
| 27:58 | Crear | Archer |
| 27:58 | Crear | Archer |
| 27:58 | Crear | Archer |
| 27:58 | Crear | Archer |
| 27:58 | Crear | Archer |
| 28:10 | Crear | Villager (Male) |
| 28:10 | Crear | Villager (Male) |
| 28:10 | Crear | Villager (Male) |
| 29:17 | Crear | War Elephant |
| 29:18 | Crear | War Elephant |
| 30:00 | Crear | Villager (Male) |
| 31:27 | Crear | War Elephant |
| 33:12 | Construir | Town Center |
| 33:52 | Crear | Villager (Male) |
| 33:53 | Crear | Villager (Male) |
| 33:53 | Crear | Villager (Male) |
| 33:53 | Crear | Villager (Male) |
| 35:06 | Crear | Villager (Male) |
| 35:34 | Construir | Farm |
| 36:20 | Construir | Town Center |
Build order — Deadmistxd
103 acciones detectadas en el replay
| 1:04 | Construir | Town Center |
| 3:48 | Investigar | Loom |
| 3:49 | Crear | Villager (Male) ×4 |
| 4:52 | Construir | Palisade Wall |
| 5:10 | Construir | House |
| 5:58 | Crear | Villager (Male) |
| 6:15 | Construir | House |
| 7:09 | Construir | Lumber Camp |
| 7:14 | Crear | Villager (Male) ×3 |
| 7:41 | Crear | Villager (Male) |
| 9:03 | Construir | House |
| 9:15 | Crear | Villager (Male) ×5 |
| 10:16 | Crear | Villager (Male) |
| 10:16 | Crear | Villager (Male) |
| 11:28 | Construir | House |
| 11:55 | Construir | House |
| 12:05 | Construir | Dock |
| 12:40 | Construir | Palisade Wall |
| 13:06 | Crear | Villager (Male) |
| 13:06 | Crear | Villager (Male) |
| 13:15 | Crear | Fishing Ship |
| 13:17 | Crear | Fishing Ship |
| 14:23 | Investigar | Feudal Age |
| 14:41 | Construir | Barracks |
| 14:52 | Construir | House |
| 14:54 | Construir | House |
| 14:56 | Construir | House |
| 15:11 | Crear | Fishing Ship |
| 15:11 | Crear | Fishing Ship |
| 15:49 | Construir | Mill |
| 16:09 | Construir | House |
| 16:24 | Construir | House |
| 16:33 | Edad | Edad Feudal |
| 16:54 | Investigar | Tech 906 |
| 17:03 | Investigar | Wheelbarrow |
| 17:07 | Crear | Villager (Male) ×2 |
| 17:26 | Construir | House |
| 17:31 | Crear | Spearman ×5 |
| 18:03 | Construir | House |
| 18:18 | Investigar | Double-Bit Axe |
| 18:20 | Investigar | Horse Collar |
| 19:16 | Construir | Barracks |
| 20:11 | Crear | Spearman |
| 20:11 | Crear | Spearman |
| 20:12 | Crear | Spearman |
| 20:12 | Crear | Spearman |
| 20:12 | Crear | Spearman |
| 20:12 | Crear | Spearman |
| 20:13 | Crear | Spearman |
| 20:13 | Crear | Spearman |
| 20:13 | Crear | Spearman |
| 20:54 | Construir | Barracks |
| 22:08 | Crear | Spearman ×5 |
| 22:08 | Crear | Spearman ×5 |
| 22:09 | Crear | Spearman ×4 |
| 22:50 | Crear | Spearman ×5 |
| 22:50 | Crear | Spearman |
| 23:14 | Crear | Villager (Male) |
| 23:14 | Crear | Villager (Male) |
| 23:14 | Crear | Villager (Male) |
| 24:30 | Crear | Spearman ×3 |
| 26:15 | Crear | Spearman |
| 26:16 | Crear | Spearman |
| 26:16 | Crear | Spearman |
| 26:17 | Crear | Spearman |
| 26:17 | Crear | Spearman |
| 26:18 | Investigar | Man-at-Arms (upgrade) |
| 26:32 | Construir | Stable |
| 26:35 | Crear | Spearman |
| 26:36 | Crear | Spearman |
| 26:36 | Crear | Spearman |
| 26:36 | Crear | Spearman |
| 26:36 | Crear | Spearman |
| 26:37 | Crear | Spearman |
| 27:04 | Crear | Scout Cavalry |
| 27:20 | Construir | Gate |
| 27:28 | Construir | Palisade Wall |
| 29:04 | Construir | Market |
| 29:21 | Crear | Spearman |
| 29:57 | Crear | Militia ×3 |
| 30:03 | Crear | Spearman ×5 |
| 30:04 | Crear | Spearman ×2 |
| 30:25 | Construir | Farm |
| 31:39 | Construir | Farm |
| 31:46 | Construir | Farm |
| 31:52 | Construir | Farm |
| 31:58 | Construir | Farm |
| 32:04 | Construir | Farm |
| 32:16 | Construir | Farm |
| 32:23 | Construir | Farm |
| 33:48 | Construir | House |
| 33:59 | Construir | House |
| 34:00 | Construir | House |
| 34:02 | Construir | House |
| 34:04 | Construir | House |
| 34:05 | Construir | House |
| 34:08 | Construir | House |
| 34:09 | Construir | House |
| 35:20 | Crear | Spearman ×5 |
| 35:21 | Crear | Spearman ×5 |
| 35:22 | Crear | Spearman ×5 |
| 35:26 | Crear | Spearman ×5 |
| 35:26 | Crear | Spearman ×4 |
Build order — PUMPSNIP3R
69 acciones detectadas en el replay
| 0:51 | Construir | Town Center |
| 2:58 | Construir | House |
| 3:03 | Investigar | Loom |
| 3:03 | Crear | Villager (Male) ×5 |
| 3:09 | Construir | House |
| 3:10 | Construir | House |
| 4:34 | Crear | Villager (Male) |
| 5:34 | Crear | Villager (Male) |
| 6:30 | Construir | Barracks |
| 6:56 | Crear | Villager (Male) |
| 7:19 | Crear | Villager (Male) |
| 7:38 | Crear | Militia ×2 |
| 8:14 | Crear | Villager (Male) ×3 |
| 8:50 | Crear | Villager (Male) ×2 |
| 9:24 | Construir | House |
| 11:35 | Construir | Mill |
| 11:48 | Crear | Villager (Male) |
| 11:48 | Crear | Villager (Male) |
| 11:49 | Crear | Villager (Male) |
| 12:17 | Crear | Villager (Male) |
| 13:04 | Construir | Lumber Camp |
| 13:08 | Crear | Militia |
| 14:11 | Construir | Mill |
| 14:31 | Construir | Mining Camp |
| 14:35 | Crear | Militia |
| 15:04 | Construir | House |
| 16:16 | Investigar | Feudal Age |
| 17:10 | Crear | Militia ×2 |
| 18:07 | Construir | House |
| 18:11 | Construir | House |
| 18:12 | Construir | House |
| 18:47 | Investigar | Man-at-Arms (upgrade) |
| 18:58 | Investigar | Wheelbarrow |
| 19:10 | Construir | Archery Range |
| 19:14 | Construir | Archery Range |
| 21:04 | Construir | Farm |
| 21:33 | Construir | Farm |
| 21:34 | Construir | Farm |
| 22:53 | Construir | Farm |
| 22:54 | Construir | Farm |
| 22:56 | Construir | Farm |
| 22:57 | Construir | Farm |
| 23:07 | Construir | Farm |
| 23:24 | Crear | Spearman ×3 |
| 23:52 | Construir | Palisade Wall |
| 24:13 | Crear | Skirmisher ×5 |
| 24:24 | Construir | House |
| 25:09 | Crear | Villager (Male) ×3 |
| 25:37 | Crear | Skirmisher ×4 |
| 26:14 | Crear | Spearman ×3 |
| 26:26 | Crear | Skirmisher ×2 |
| 27:00 | Construir | Palisade Wall |
| 27:06 | Construir | Palisade Gate |
| 27:17 | Investigar | Arson |
| 27:18 | Crear | Militia |
| 27:27 | Crear | Skirmisher |
| 30:27 | Construir | Market |
| 30:34 | Construir | Blacksmith |
| 32:21 | Construir | Farm |
| 32:25 | Investigar | Castle Age |
| 33:58 | Crear | Archer ×5 |
| 34:04 | Crear | Militia |
| 34:10 | Investigar | Gold Mining |
| 34:32 | Construir | Lumber Camp |
| 34:54 | Investigar | Long Swordsman (upgrade) |
| 34:57 | Investigar | Pikeman (upgrade) |
| 34:58 | Crear | Spearman ×5 |
| 35:14 | Investigar | Padded Archer Armor |
| 36:29 | Investigar | Squires |
Cronología de la partida
| 4:52 | Deadmistxd · wall_segment Palisade Wall x9 |
| 6:30 | PUMPSNIP3R · first_building Barracks |
| 8:52 | DANTEASKILL(⌐ ͡ ̯ʖ ͡︻ · first_building Barracks |
| 11:50 | DANTEASKILL(⌐ ͡ ̯ʖ ͡︻ · first_building Dock |
| 12:05 | Deadmistxd · first_building Dock |
| 12:40 | Deadmistxd · wall_segment Palisade Wall x3 |
| 14:26 | 暴雨天见面 · first_building Barracks |
| 14:41 | Deadmistxd · first_building Barracks |
| 15:25 | DANTEASKILL(⌐ ͡ ̯ʖ ͡︻ · age_up feudal |
| 15:32 | 暴雨天见面 · age_up feudal |
| 15:39 | DANTEASKILL(⌐ ͡ ̯ʖ ͡︻ · first_building Stable |
| 16:33 | Deadmistxd · age_up feudal |
| 16:42 | 暴雨天见面 · first_building Archery Range |
| 19:10 | PUMPSNIP3R · first_building Archery Range |
| 23:52 | PUMPSNIP3R · wall_segment Palisade Wall x19 |
| 26:32 | Deadmistxd · first_building Stable |
| 27:00 | PUMPSNIP3R · wall_segment Palisade Wall x9 |
| 27:04 | 暴雨天见面 · age_up castle |
| 27:08 | 暴雨天见面 · first_building Castle |
| 27:28 | Deadmistxd · wall_segment Palisade Wall x5 |
| 29:42 | Deadmistxd · first_market_sell 100 wood |
| 29:46 | Deadmistxd · first_market_buy 100 food |
| 37:04 | PUMPSNIP3R · resign |
[ ANÁLISIS IA · 1 CRÉDITO ]
¿Qué pasó realmente en esta partida?
Wolo.gg analiza cada decisión: build order, eco, micro, errores típicos por bracket. Análisis personalizado por WhatsApp o Discord en 30 segundos.
Guía civ
Gurjaras
Guía mapa
Nomad
Perfil
DANTEASKILL(⌐ ͡ ̯ʖ ͡︻